 Dungeon Crawl Stone Soup version 0.19-a0-1672-g679cadd (webtiles) character file.

18058 Amnesiac the Ogre Mage (level 12, -11/96 HPs)
             Began as an Ogre Ice Elementalist on Sept 23, 2016.
             Was an Elder of Vehumet.
             Mangled by a black mamba (17 damage)
             ... on level 3 of the Lair of Beasts.
             The game lasted 00:34:34 (18555 turns).

Amnesiac the Ogre Mage (Ogre Ice Elementalist)     Turns: 18555, Time: 00:34:34

Health: -11/96     AC:  4    Str: 16    XL:     12   Next: 54%
Magic:  1/43       EV: 10    Int: 18    God:    Vehumet [****..]
Gold:   686        SH:  0    Dex: 10    Spells: 8 memorised, 14 levels left

rFire  . . .     SeeInvis .     L - staff of power
rCold  + . .     Gourm    .     a - +0 robe
rNeg   . . .     Faith    .     (no shield)
rPois  .         Spirit   .     (helmet restricted)
rElec  .         Dismiss  .     y - +0 cloak
rCorr  .         Reflect  .     (gloves unavailable)
MR     +....     Harm     .     (boots unavailable)
Stlth  +.........               (no amulet)
                                r - ring of protection from cold
                                (no ring)

@: lethally poisoned (-11 -> -22), very slightly contaminated, repel missiles,
invisible
A: unfitting armour, tough skin 1
a: Renounce Religion


You were on level 3 of the Lair of Beasts.
You worshipped Vehumet.
Vehumet was greatly pleased with you.
You were not hungry.

You visited 3 branches of the dungeon, and saw 14 of its levels.

You collected 686 gold pieces.

Inventory:

Hand Weapons
 d - a +0 blowgun
Missiles
 i - 3 curare-tipped needles
Armour
 a - a +0 robe (worn)
 y - a +0 cloak (worn)
 J - a +0 shield
Magical Staves
 L - an uncursed staff of power (weapon)
Jewellery
 k - an uncursed ring of fire {unknown}
 r - a ring of protection from cold (right hand)
 G - a cursed amulet of inaccuracy {unknown}
 Q - an uncursed amulet of rage {unknown}
Wands
 p - a wand of digging (24/24)
 w - a wand of polymorph (9/24)
Scrolls
 e - 2 scrolls of summoning {unknown}
 g - a scroll of blinking
 h - 2 scrolls of magic mapping
 l - 2 scrolls of fear
 o - 3 scrolls of teleportation
 t - 6 scrolls of remove curse
 x - a scroll of enchant weapon
 z - a scroll of amnesia
 A - 2 scrolls of recharging
 K - 2 scrolls of identify
 S - a scroll of vulnerability {unknown}
Potions
 j - 4 potions of berserk rage
 m - 7 potions of ambrosia {unknown}
 n - 3 potions of curing
 q - 4 potions of brilliance
 s - 3 potions of mutation
 D - 2 potions of invisibility
 E - 2 potions of lignification {unknown}
 F - a potion of resistance
 H - 5 potions of haste
 I - a potion of agility
Books
 b - a book of Frost

   Spells                             Type                      Level
   a - Freeze                         Ice                          1
   b - Throw Frost                    Conjuration/Ice              2
   c - Ozocubu's Armour               Charms/Ice                   3
   d - Throw Icicle                   Conjuration/Ice              4
   e - Summon Ice Beast               Ice/Summoning                4
 f - a book of Necromancy

   Spells                             Type                      Level
   a - Pain                           Necromancy                   1
   b - Animate Skeleton               Necromancy                   1
   c - Vampiric Draining              Necromancy                   3
   d - Regeneration                   Charms/Necromancy            3
   e - Animate Dead                   Necromancy                   4
   f - Control Undead                 Necromancy                   4
 C - a book of Ice

   Spells                             Type                      Level
   a - Ice Form                       Ice/Transmutation            4
   b - Metabolic Englaciation         Hexes/Ice                    5
   c - Ozocubu's Refrigeration        Ice                          6
   d - Bolt of Cold                   Conjuration/Ice              6
   e - Freezing Cloud                 Conjuration/Ice/Air          6
   f - Simulacrum                     Ice/Necromancy               6
 M - a book of Flames

   Spells                             Type                      Level
   a - Flame Tongue                   Conjuration/Fire             1
   b - Throw Flame                    Conjuration/Fire             2
   c - Conjure Flame                  Conjuration/Fire             3
   d - Inner Flame                    Hexes/Fire                   3
   e - Sticky Flame                   Conjuration/Fire             4
   f - Fireball                       Conjuration/Fire             5
 N - the Papyrus of the Helpful Traveller
   (You found it on level 10 of the Dungeon)

   Spells                             Type                      Level
   a - Infusion                       Charms                       1
   b - Apportation                    Translocation                1
   c - Song of Slaying                Charms                       2
   d - Gell's Gravitas                Hexes/Translocation          3
   e - Haste                          Charms                       6
   f - Ring of Flames                 Charms/Fire                  7
 O - a book of Misfortune

   Spells                             Type                      Level
   a - Confusing Touch                Hexes                        1
   b - Confuse                        Hexes                        3
   c - Gell's Gravitas                Hexes/Translocation          3
   d - Petrify                        Transmutation/Earth          4
   e - Metabolic Englaciation         Hexes/Ice                    5
   f - Yara's Violent Unravelling     Hexes/Transmutation          5
 P - a book of Minor Magic

   Spells                             Type                      Level
   a - Magic Dart                     Conjuration                  1
   b - Blink                          Translocation                2
   c - Call Imp                       Summoning                    2
   d - Repel Missiles                 Charms/Air                   2
   e - Slow                           Hexes                        2
   f - Conjure Flame                  Conjuration/Fire             3
   g - Mephitic Cloud                 Conjuration/Poison/Air       3
Comestibles
 c - 5 bread rations
 u - 8 fruits
 v - 5 meat rations
 B - a beef jerky


   Skills:
 - Level 1.7 Dodging
 - Level 1.5 Stealth
 + Level 12.5 Spellcasting
 + Level 9.4 Conjurations
 + Level 9.3 Ice Magic


You had 14 spell levels left.
You knew the following spells:

 Your Spells              Type           Power        Failure   Level  Hunger
a - Ozocubu's Armour      Chrm/Ice       ####....     2%          3    None
b - Blink                 Tloc           N/A          12%         2    None
c - Repel Missiles        Chrm/Air       ##....       12%         2    None
d - Apportation           Tloc           ##........   8%          1    None
e - Freeze                Ice            ####         1%          1    None
f - Bolt of Cold          Conj/Ice       #####.....   5%          6    ######.
r - Regeneration          Chrm/Necr      ##........   21%         3    None
z - Throw Icicle          Conj/Ice       #####...     1%          4    ##.....


Dungeon Overview and Level Annotations

Branches:
Dungeon (10/15)            Temple (1/1) D:6            Lair (3/6) D:10
  Swamp: Lair:2-4    Shoals: Lair:2-4     Snake: Lair:2-4    Spider: Lair:2-4
    Orc: D:9-12

Altars:
Ashenzari
Cheibriados
Dithmenos
Elyvilon
Fedhas
Gozag
Hepliaklqana
Kikubaaqudgha
Makhleb
Nemelex Xobeh
Okawaru
Qazlal
Ru
Sif Muna
Trog
Uskayaw
Vehumet
Xom
Yredelemnul
Zin
The Shining One

Shops:
D:6 :

Annotations:
D:5 exclusion: centaur


Innate Abilities, Weirdness & Mutations

You are too large for most types of armour.
You have tough skin. (AC +1)


Message History

* * * LOW HITPOINT WARNING * * *
The black mamba bites you!
* * * LOW HITPOINT WARNING * * *
Unknown command.
You feel much better. The black mamba bites you!
* * * LOW HITPOINT WARNING * * *
You are poisoned.
The black mamba poisons you!
Unknown command.
Casting: Freeze
Confirm with . or Enter, or press ? or * to list all spells.
Aiming: Freeze
Press: ? - help, Shift-Dir - straight line, f/p - black mamba
Aim: a black mamba (severely wounded)
You freeze the black mamba.
The black mamba seems to slow down.
The black mamba is severely wounded.
You feel sick. The black mamba bites you!
* * * LOW HITPOINT WARNING * * *
The black mamba bites you!
You die...

..................## ##..##.....
...................####..........
..........[.............>........
.................................
.#...............................
##.....................(.?.......
...........................<..[.
.......#S.........#.....
#....@........##......
##..................#.
##.............#.....##
#.†..................#
#.#P#.............###.#
#.####.........#...# ##
#..###..........####
#.......##............# ###
.###.s..##.#...........# #.#


You could see a black mamba.

Vanquished Creatures
  A catoblepas (Lair:3)
  An unseen horror (D:10)
  Pikel (D:8)
  A hill giant (D:10)
  3 deep elf magi
  A siren (Lair:3)
  6 spiny frogs
  2 komodo dragons
  A troll (D:8)
  2 jumping spiders (Lair:3)
  Grinder (D:6)
  A two-headed ogre (D:4)
  4 hippogriffs
  4 blink frogs (Lair:3)
  A redback (Lair:3)
  19 yaks
  A fire elemental (Lair:1)
  4 fire bats (Lair:1)
  Grum (Lair:1)
  A basilisk (Lair:1)
  A steam dragon (D:10)
  Menkaure (D:4)
  5 water moccasins
  5 porcupines
  Duvessa (D:7)
  2 orc warriors
  2 ice beasts
  A wasp (D:10)
  7 ogres
  4 slaves
  2 wolves (Lair:1)
  5 crocodiles
  3 centaurs
  A big kobold (D:9)
  4 bullfrogs
  A gnoll sergeant (D:8)
  Dowan (D:7)
  A wyvern zombie (D:10)
  2 scorpions
  An electric eel (Lair:1)
  3 bullfrog zombies
  5 crimson imps
  A centaur zombie (D:6)
  3 bullfrog skeletons (D:8)
  7 orc priests
  7 hounds
  3 jellies
  6 orc wizards
  A centaur skeleton (D:4)
  5 iguanas
  8 worker ants
  2 hound zombies
  A hound skeleton (D:10)
  3 worker ant zombies
  10 adders
  14 gnolls
  17 river rats
  A shadow imp (D:6)
  An ooze (D:3)
  5 worms
  2 dart slugs
  7 leopard geckos
  42 orcs
  3 giant cockroaches
  16 goblins
  9 hobgoblins
  7 jackals
  17 kobolds
  7 quokkas
  2 ball pythons
  4 bats
  5 frilled lizards
  A giant cockroach zombie (D:5)
  A jackal skeleton (D:5)
  A quokka skeleton (D:5)
  6 rats
339 creatures vanquished.

Vanquished Creatures (others)
  2 fungi (Lair:2)
2 creatures vanquished.

Grand Total: 341 creatures vanquished

Notes
Turn   | Place    | Note
-------+----------+-------------------------------------------
     0 | D:1      | Amnesiac the Ogre Ice Elementalist began the quest for the Orb.
     0 | D:1      | Reached XP level 1. HP: 16/16 MP: 3/3
   305 | D:2      | Reached skill level 3 in Spellcasting
   385 | D:3      | Reached XP level 2. HP: 24/24 MP: 4/6
   942 | D:3      | Reached XP level 3. HP: 28/31 MP: 5/8
  1162 | D:4      | Reached XP level 4. HP: 39/39 MP: 5/9
  1168 | D:4      | Learned a level 4 spell: Throw Icicle
  1282 | D:4      | Reached skill level 1 in Conjurations
  1295 | D:4      | Reached XP level 5. HP: 41/45 MP: 5/10
  1586 | D:4      | Reached XP level 6. HP: 51/53 MP: 11/11
  1642 | D:4      | Found a radiant altar of Vehumet.
  1711 | D:4      | Noticed Menkaure
  1727 | D:4      | Found an opulent altar of Gozag.
  2100 | D:4      | Noticed a two-headed ogre
  2108 | D:4      | Killed a two-headed ogre
  2108 | D:4      | Reached XP level 7. HP: 59/59 MP: 3/12
  2539 | D:5      | Entered Level 5 of the Dungeon
  3464 | D:5      | Reached skill level 4 in Spellcasting
  3631 | D:5      | Reached skill level 5 in Spellcasting
  4173 | D:5      | Reached XP level 8. HP: 51/67 MP: 8/16
  4995 | D:6      | Reached skill level 6 in Spellcasting
  5547 | D:6      | Noticed Grinder
  5554 | D:6      | Killed Grinder
  5554 | D:6      | Reached skill level 5 in Conjurations
  5554 | D:6      | Reached skill level 5 in Ice Magic
  5656 | D:6      | Found a staircase to the Ecumenical Temple.
  5657 | D:6      | Found Raocw's Book Shop.
  5663 | Temple   | Entered the Ecumenical Temple
  5890 | Temple   | Became a worshipper of Vehumet
  5953 | D:6      | Reached skill level 7 in Spellcasting
  6232 | D:1      | Reached XP level 9. HP: 74/74 MP: 19/19
  6452 | D:2      | Found a white marble altar of Elyvilon.
  6466 | D:2      | Found a deep blue altar of Sif Muna.
  7047 | D:3      | Found a glowing golden altar of the Shining One.
  7086 | D:4      | Killed Menkaure
  7367 | D:6      | Noticed a deep elf mage
  7374 | D:6      | Noticed a sun demon
  7601 | D:6      | Noticed a demonic crawler
  7601 | D:6      | Noticed a demonic crawler
  7801 | D:6      | Noticed a rust devil
  7802 | D:6      | Killed a deep elf mage
  7916 | D:7      | Noticed Duvessa
  7916 | D:7      | Noticed Dowan
  7921 | D:7      | HP: 1/74 [Dowan/wand of flame (8)]
  8256 | D:7      | Learned a level 3 spell: Ozocubu's Armour
  8410 | D:7      | Reached * piety under Vehumet
  8410 | D:7      | Offered knowledge of Sandblast by Vehumet.
  8453 | D:7      | Reached skill level 8 in Spellcasting
  8711 | D:7      | Killed Duvessa
  8720 | D:7      | Killed Dowan
 10153 | D:8      | Reached XP level 10. HP: 67/81 MP: 22/22
 10296 | D:8      | Reached skill level 9 in Spellcasting
 10596 | D:8      | Reached ** piety under Vehumet
 10623 | D:8      | Offered knowledge of Shock by Vehumet.
 10869 | D:9      | Noticed Pikel
 11003 | D:8      | Killed Pikel
 12433 | D:9      | Offered knowledge of Searing Ray by Vehumet.
 12547 | D:10     | Entered Level 10 of the Dungeon
 12838 | D:10     | Reached skill level 10 in Spellcasting
 13136 | D:10     | Noticed a deep elf mage
 13139 | D:10     | Killed a deep elf mage
 13154 | D:10     | Reached *** piety under Vehumet
 13456 | D:10     | Noticed a deep elf mage
 13458 | D:10     | Killed a deep elf mage
 13458 | D:10     | Reached XP level 11. HP: 88/88 MP: 25/25
 13568 | D:10     | Found a staircase to the Lair.
 13665 | D:10     | Killed an unseen horror
 14073 | D:10     | Identified the Papyrus of the Helpful Traveller
 14145 | D:10     | Noticed a hill giant
 14155 | D:10     | Killed a hill giant
 14226 | D:10     | Learned a level 2 spell: Repel Missiles
 14371 | D:10     | Learned a level 2 spell: Blink
 14375 | D:10     | Learned a level 3 spell: Regeneration
 14377 | D:10     | Learned a level 1 spell: Apportation
 14384 | D:10     | Learned a level 6 spell: Bolt of Cold
 14385 | Lair:1   | Entered Level 1 of the Lair of Beasts
 14661 | Lair:1   | Reached skill level 11 in Spellcasting
 15087 | Lair:1   | Offered knowledge of Olgreb's Toxic Radiance by Vehumet.
 15108 | Lair:1   | Noticed Grum
 15171 | Lair:1   | Killed Grum
 16014 | Lair:1   | Reached **** piety under Vehumet
 16448 | Lair:1   | Reached XP level 12. HP: 96/96 MP: 24/27
 16553 | Lair:2   | Offered knowledge of Force Lance by Vehumet.
 16928 | Lair:2   | Reached skill level 12 in Spellcasting
 17947 | Lair:3   | Got a crude ring mail
 17990 | Lair:3   | Noticed a catoblepas
 18041 | Lair:3   | Killed a catoblepas
 18555 | Lair:3   | Mangled by a black mamba

Vault maps used:
D:1:      dpeg_arrival_tiny_a, hex_tiny
D:2:      minitemple
D:3:      minmay_door_path, first_bread, tso_altar
D:4:      kennysheep_little_box, lemuel_statue_altar, uniq_menkaure
D:5:      corexii_shantytown
D:6:      serial_shops, nicolae_shop_stone, guppyfry_early_elven_hall,
          uniq_grinder
D:7:      uniq_duvessa
D:9:      minmay_lizard_king, uniq_pikel
D:10:     lair_0_dummy, minmay_librarian, uniq_snorg
Temple:   dpeg_five_rooms_temple
Lair:1:   lemuel_fruit_tree, uniq_grum
Lair:3:   minmay_shoals_entry_lonely_mermaid, spider_nest_entry_funnel_web

Skill      XL: |  1  2  3  4  5  6  7  8  9 10 11 12 |
---------------+-------------------------------------+-----
Spellcasting   | 3 5 7 8 10 11 12 | 12.5
Ice Magic      | 3 4 5 6 7 8 9 |  9.3
Conjurations   | 2 3 4 5 6 7 8 9 |  9.4
Dodging        | |  1.7
Stealth        | |  1.5

Action                   |  1- 3 |  4- 6 |  7- 9 | 10-12 || total
-------------------------+-------+-------+-------+-------++-------
Melee: Unarmed           |    16 |       |       |       ||    16
       Flail             |       |     4 |     4 |       ||     8
       War axe           |       |       |   267 |    24 ||   291
 Fire: Blowgun           |     1 |    17 |     1 |       ||    19
 Cast: Freeze            |    42 |    25 |    84 |    75 ||   226
       Throw Icicle      |       |     1 |    56 |   271 ||   328
       Bolt of Cold      |       |       |       |    24 ||    24
       Repel Missiles    |       |       |       |     1 ||     1
  Use: Potion            |     1 |       |     1 |     5 ||     7
       Scroll            |       |       |    11 |     9 ||    20
 Stab: Sleeping          |       |       |     6 |       ||     6
  Eat: Chunk             |       |     4 |    27 |    31 ||    62
       Pizza             |       |       |     1 |     1 ||     2
       Bread ration      |       |       |     1 |     1 ||     2
       Meat ration       |       |       |       |     2 ||     2
       Beef jerky        |       |       |       |     2 ||     2
       Royal jelly       |       |       |       |     1 ||     1
       Fruit             |       |       |       |     1 ||     1
Armor: Robe              |    18 |     7 |    85 |    33 ||   143
Dodge: Dodged            |    36 |    19 |   224 |    79 ||   358
       Deflected         |       |       |       |     1 ||     1
